 Dungeon Crawl Stone Soup version 0.14.0-25-g43f8a4e (webtiles) character file.

435 Heini the Chopper (level 6, 0/56 HPs)
             Began as a Hill Orc Fighter on Apr 24, 2014.
             Slain by Heini's ghost (10 damage)
             ... on Level 4 of the Dungeon.
             The game lasted 00:09:36 (2350 turns).

Heini the Chopper (Hill Orc Fighter)                Turns: 2350, Time: 00:09:37

HP   0/56        AC  8     Str 21      XL: 6   Next: 42%
MP   6/6         EV  6     Int  8      God:
Gold 123         SH 18     Dex 10      Spells:  0 memorised,  5 levels left

rFire  . . .     SeeInvis +     a - +0 war axe
rCold  . . .     Clarity  +     b - +0 scale mail
rNeg   . . .     Conserve .     c - +0 shield
rPois  .         rCorr    .     s - +0 hat {SInv}
rElec  .         rRot     .     (no cloak)
SustAb . .       Spirit   .     t - +0 pair of gloves
rMut   .         Warding  .     (no boots)
Saprov + . .     Stasis   .     m - amulet of clarity
MR     .....                    (no ring)
                                (no ring)

@: not resistant to hostile enchantments, extremely unstealthy
A: saprovore 1
a: no special abilities


You were on level 4 of the Dungeon.
You were not hungry.

You visited 1 branch of the dungeon, and saw 4 of its levels.

You collected 123 gold pieces.

Inventory:

Hand weapons
 a - a +0,+0 war axe (weapon)
Armour
 b - a +0 scale mail (worn)
 c - a +0 shield (worn)
 s - a +0 hat of see invisible (worn)
 t - a +0 pair of gloves (worn)
Comestibles
 d - 2 meat rations
 f - an apple
 l - 2 pears
 n - a choko
 p - 2 bread rations
 v - a cheese
 x - 4 chunks of orc flesh
 z - 3 chunks of orc flesh
Scrolls
 h - a scroll of magic mapping
 i - a scroll of fog {unknown}
 r - a scroll of noise {unknown}
 u - 2 scrolls of remove curse {unknown}
 y - a scroll of teleportation {unknown}
Jewellery
 g - an uncursed ring of magical power
 j - an uncursed amulet of rage {unknown}
 m - an amulet of clarity (around neck)
 w - an uncursed amulet of guardian spirit
Potions
 e - a potion of might
 k - a potion of agility {unknown}
 o - a potion of paralysis {unknown}
 q - 2 potions of heal wounds {unknown}
 A - a potion of restore abilities {unknown}


   Skills:
 * Level 5.2 Fighting
 * Level 5.5 Axes
 * Level 5.4 Armour
 - Level 3.2 Shields


You had 5 spell levels left.
You didn't know any spells.

Dungeon Overview and Level Annotations

Branches:
Dungeon (4/15)
 Temple: D:4-7

Altars:

Annotations:
D:2 Terence
D:3 Eyesburn's ghost, average HOHu
D:4 Heini's ghost, experienced HOFi


Innate Abilities, Weirdness & Mutations

You can tolerate rotten meat.


Message History

You block Heini's ghost's attack.
You hit Heini's ghost but do no damage.
Heini's ghost is severely damaged.
You block Heini's ghost's attack. x2
You hit Heini's ghost but do no damage.
Heini's ghost is severely damaged.
Heini's ghost hits you.
You hit Heini's ghost.
Heini's ghost is severely damaged.
Heini's ghost hits you. Heini's ghost hits you.
There is an open door here.
There is an open door here.
You hit Heini's ghost but do no damage.
Heini's ghost is severely damaged.
Heini's ghost hits you but does no damage.
Heini's ghost hits you!
* * * LOW HITPOINT WARNING * * *
Heini's ghost hits you!
You die...

#.....<.# .##
#.......# #.......#
##'###### #..#
##'####### #........#
#### #........###
#...... #....@.%.'.#
#....... #....p..%#.#
#........
#........#.###...>....
#........#..##........
#...>....##.##........
#........##..#........
#........###..........
########## ###........
##.######


You could see Heini's ghost.

Vanquished Creatures
  A crimson imp (D:3)
  2 hounds (D:4)
  An iguana (D:4)
  An orc priest (D:4)
  An orc wizard (D:4)
  A worker ant (D:4)
  3 adders
  A giant mite (D:2)
  A shadow imp (D:4)
  A worm (D:4)
  5 giant geckos
  An ooze (D:2)
  3 orcs
  2 ball pythons
  3 giant cockroaches
  6 goblins
  3 hobgoblins (D:2)
  4 jackals
  5 kobolds
  A quokka (D:4)
  6 bats
  3 giant newts
  6 rats
61 creatures vanquished.

Notes
Turn   | Place    | Note
--------------------------------------------------------------
     0 | D:1      | Heini, the Hill Orc Fighter, began the quest for the Orb.
     0 | D:1      | Reached XP level 1. HP: 19/19 MP: 1/1
   104 | D:1      | Reached XP level 2. HP: 22/27 MP: 2/2
   256 | D:1      | Reached skill level 4 in Fighting
   638 | D:2      | Reached XP level 3. HP: 28/33 MP: 3/3
   940 | D:3      | Reached XP level 4. HP: 41/41 MP: 4/4
   976 | D:3      | Noticed Terence
  1557 | D:3      | Noticed Eyesburn's ghost (average HOHu)
  1656 | D:4      | Reached XP level 5. HP: 42/47 MP: 5/5
  1697 | D:4      | HP: 2/47 [poisoned by a worker ant]
  1705 | D:4      | HP: 2/47 [poisoned by a worker ant]
  2187 | D:4      | Reached skill level 5 in Fighting
  2187 | D:4      | Reached skill level 5 in Axes
  2187 | D:4      | Reached skill level 5 in Armour
  2229 | D:4      | Reached XP level 6. HP: 42/56 MP: 6/6
  2307 | D:4      | Noticed Heini's ghost (experienced HOFi)
  2350 | D:4      | Slain by Heini's ghost

Action                   |  1- 3 |  4- 6 || total
-------------------------+-------+-------++-------
Melee: War axe           |   116 |   133 ||   249
  Use: Scroll            |       |     3 ||     3
       Potion            |       |     1 ||     1
